details: 'dat'

« prev index next »

General information

Mini Map

Players

team 1
Random» HumanEureKa (pink | 173 APM | 2275 actions | 13:07)
Hero icon 4 Archmage
Ability icon 2 Summon Water Elemental
Ability icon 2 Brilliance Aura
Hero icon 2 Paladin
Ability icon 1 Holy Light
Ability icon 1 Devotion Aura

» actions
Assign group hotkey25
Basic commands39
Build / train59
ESC pressed4
Enter build submenu16
Enter hero's abilities submenu6
Right click1149
Select / deselect414
Select group hotkey474
Use ability89
2275 total
» units
Peasant11
Footman26
Sorceress5
42 total
» upgrades
Masonry1
Sorceress Training1
2 total
» buildings
Altar of Kings1
Farm9
Barracks1
Scout Tower1
Arcane Tower1
Lumber Mill1
Keep2
Arcane Vault1
Arcane Sanctum1
18 total
» build order
00:05 Altar of Kings
00:06 Farm
00:31 Farm
00:42 Barracks
01:40 Scout Tower
02:09 Arcane Tower
02:46 Lumber Mill
03:00 Farm
03:01 Farm
04:04 Keep
04:26 Arcane Vault
04:29 Farm
04:52 Farm
07:21 Farm
07:24 Arcane Sanctum
07:43 Farm
08:11 Farm
» items
Scroll of Regeneration1
Lesser Clarity Potion1
Potion of Mana1
3 total
team 2
HumanLordOrick (yellow | 69 APM | 897 actions | 13:02)
Hero icon 4 Paladin
Ability icon 1 Holy Light
Ability icon 1 Divine Shield
Ability icon 2 Devotion Aura

» actions
Assign group hotkey26
Basic commands58
Build / train42
Enter build submenu18
Enter hero's abilities submenu4
Right click291
Select / deselect209
Select group hotkey195
Use ability54
897 total
» units
Peasant10
Footman18
Rifleman3
31 total
» upgrades
Plating1
Swords1
2 total
» buildings
Barracks2
Farm3
Scout Tower4
Altar of Kings1
Arcane Tower1
Blacksmith1
Keep1
Arcane Vault1
Lumber Mill1
Town Hall1
16 total
» build order
00:41 Barracks
00:52 Farm
00:58 Scout Tower
01:18 Altar of Kings
01:27 Arcane Tower
01:33 Farm
02:52 Blacksmith
03:13 Keep
03:40 Farm
03:59 Arcane Vault
04:11 Lumber Mill
04:53 Barracks
08:42 Town Hall
08:45 Scout Tower
08:47 Scout Tower
08:49 Scout Tower
» items
Potion of Healing1
Scroll of Regeneration1
2 total